AoeStats
← Heitzey

QS Arena

503277539Analyzed
3v3 RM · 1mo ago on Aug 30, 2026· 53m 53s· 6 players
Game mode
Random Map
Map size
Normal (6 player)
Population
200
Speed
Normal
Resources
Standard
Victory
Conquest
Starting age
Dark Age
Ending age
Imperial Age
RankedLock teamsTeams togetherTeam positionsShared explorationLock speedFull tech treeHidden civsTurbo modeCheats
Victory
Defeat
🇧🇷 Goths · Brazil
1024
+11
🇧🇷 Franks · Brazil
1000
+38
🇧🇷 Maya · Brazil
801
+21
🇦🇷 Portuguese · Argentina
959
-17
🇦🇷 Koreans · Argentina
898
-14
🇦🇷 Burgundians · Argentina
873
-13
Gordo Frank
9:52 Feudal Age
11:28 Double-Bit Axe
11:25 Horse Collar
14:30 Castle Age
14:46 Wheelbarrow
15:24 Gold Mining
15:27 Fletching
16:59 Gold Shaft Mining
16:45 Loom
16:46 Town Watch
21:26 Eupseong
22:04 Hand Cart
25:18 Bodkin Arrow
26:44 Town Patrol
27:47 Heavy Plow
27:59 Bow Saw
28:03 Forging
27:53 Scale Mail Armor
27:59 Devotion
30:04 Crossbowman
30:50 Thumb Ring
33:45 Imperial Age
31:34 Pikeman
32:50 Fortified Wall
32:35 Murder Holes
34:11 Ballistics
33:33 Treadmill Crane
34:03 Masonry
34:14 Pikeman
34:54 Squires
37:04 Arbalester
42:47 Stone Mining
45:20 Chemistry
45:45 Bracer
46:22 Iron Casting
46:02 Chain Mail Armor
48:06 Two-Man Saw
49:14 Plate Mail Armor
48:49 Scale Barding Armor
49:35 Stone Shaft Mining
49:05 Light Cavalry
49:46 Husbandry
49:49 Hussar
TheSadBalls
9:07 Feudal Age
13:24 Castle Age
15:16 Cavalier
18:13 Double-Bit Axe
18:13 Horse Collar
21:26 Wheelbarrow
22:53 Squires
23:14 Pikeman
24:00 Scale Mail Armor
29:54 Imperial Age
27:41 Hand Cart
27:17 Town Watch
27:49 Hand Cart
29:13 Cavalier
31:33 Gold Mining
31:35 Stone Mining
33:05 Chemistry
31:43 Halberdier
32:58 Bow Saw
32:55 Scale Barding Armor
32:41 Fletching
32:54 Padded Archer Armor
32:45 Fletching
32:18 Elite Skirmisher
34:39 Heavy Plow
35:02 Chain Barding Armor
34:59 Chain Mail Armor
35:58 Paladin
39:42 Ballistics
merascolanariz
8:51 Feudal Age
12:53 Castle Age
11:04 Double-Bit Axe
11:04 Horse Collar
15:09 Bow Saw
15:17 Heavy Plow
21:26 Gold Mining
21:35 Stone Mining
24:18 Stone Shaft Mining
28:02 Imperial Age
25:24 Loom
26:16 Wheelbarrow
27:45 Hand Cart
27:16 Town Watch
28:51 Padded Archer Armor
29:53 Ballistics
29:45 Fortified Wall
31:21 Chemistry
30:28 Siege Engineers
30:37 Fortified Wall
30:46 Leather Archer Armor
30:26 Elite Skirmisher
31:12 Thumb Ring
31:00 Fletching
31:35 Conscription
31:17 Arquebus
33:50 Bodkin Arrow
34:25 Ring Archer Armor
34:03 Scale Barding Armor
37:10 Chain Barding Armor
37:01 Forging
37:07 Bloodlines
36:58 Husbandry
36:20 Light Cavalry
38:20 Plate Barding Armor
40:31 Iron Casting
45:18 Blast Furnace
Heitzey
8:11 Feudal Age
10:02 Horse Collar
10:09 Double-Bit Axe
13:17 Wheelbarrow
15:20 Castle Age
14:55 Gold Mining
18:55 Bow Saw
19:00 Stone Mining
27:26 Imperial Age
25:58 Heavy Plow
26:38 Forging
26:31 Scale Mail Armor
28:22 Anarchy
29:41 Two-Man Saw
29:15 Crop Rotation
30:31 Iron Casting
30:12 Chain Mail Armor
32:43 Blast Furnace
33:24 Elite Huskarl
36:27 Man-at-Arms
37:28 Masonry
37:15 Murder Holes
42:33 Stone Shaft Mining
43:10 Long Swordsman
51:07 Perfusion
51:30 Conscription
Rocco
0:26 Loom
9:25 Feudal Age
13:09 Castle Age
11:42 Fletching
13:50 Horse Collar
14:04 Double-Bit Axe
20:51 Crossbowman
27:32 Heavy Plow
27:42 Fletching
30:50 Padded Archer Armor
30:45 Bodkin Arrow
32:15 Thumb Ring
35:10 Leather Archer Armor
37:37 Imperial Age
36:38 Ballistics
35:59 Treadmill Crane
40:00 Conscription
39:40 Arbalester
41:43 Ring Archer Armor
41:42 Elite Plumed Archer
43:31 Bracer
47:20 Chemistry
SkiddySea5860
9:19 Feudal Age
10:42 Double-Bit Axe
13:43 Castle Age
17:49 Gold Mining
18:27 Husbandry
18:30 Stone Mining
20:32 Gold Shaft Mining
20:40 Scale Barding Armor
20:46 Forging
24:01 Wheelbarrow
23:12 Loom
23:13 Town Watch
24:17 Bow Saw
27:24 Hand Cart
27:09 Town Patrol
28:26 Ballistics
31:36 Imperial Age
30:26 Chain Barding Armor
30:42 Iron Casting
31:41 Cavalier
32:53 Conscription
38:29 Chemistry
38:32 Paladin
48:48 Light Cavalry
52:10 Caravan
52:56 Coinage
Connection lost

Rejoining the realm…

Still unreachable

The connection could not be restored.

Session expired

The server has moved on; the page needs a fresh start.